Zazza, neutral female human Tourist ####`################### #-------------- # #|....[.......@# ###------------ #|.......^)...|H #...........| #|............|# |..^.......| ------------ #.......[.....|###########...........| |...........######|.....(......|# -----|------ ----- ##...........| # ----------.--- ## |...| # |..........-#### # # |....####### ------------ # ### |.{.| # # |.<.| ### ### |...| # # ----- ### # # # ---.-------- -----|------ |(........>.##[##-..........| |[)[....[\.| |..........| ------------ ------------ Zazza the Peregrinatrix Experience level: 10 Strength: 25 Dexterity: 13 Constitution: 18 Intelligence: 16 Wisdom: 9 Charisma: 17 Health: 0(74) Energy: 25(25) Def: 19 Gold: 0 Moves: 24925 Dungeon seed: CortURWRC6bL5QdE Game ID: Zazza_1564480260 Your Inventory: Weapons x - a cursed -2 elven dagger A - 26 +2 darts M - 4 blessed +2 darts (in quiver) W - a blessed +4 elven dagger (weapon in hand) Armor e - an uncursed +0 Hawaiian shirt (being worn) g - an uncursed +0 dwarvish mithril-coat (being worn) q - an uncursed +3 pair of gauntlets of power (being worn) y - an uncursed +0 elven shield (being worn) V - an uncursed +0 elven cloak (being worn) Y - an uncursed +0 orcish helm (being worn) Z - an uncursed +0 pair of water walking boots (being worn) Comestibles B - 2 uncursed tripe rations Wands C - a wand of polymorph (0:7) Tools h - an expensive camera (0:42) k - an uncursed skeleton key m - an uncursed mirror s - an uncursed magic whistle t - an uncursed towel u - a +0 unicorn horn z - a blessed bag of holding Gems r - an uncursed chrysoberyl stone I - an uncursed luckstone Contents of the bag of holding: an uncursed lembas wafer 2 uncursed lizard corpses an uncursed partly eaten lizard corpse a tinning kit (0:37) Spells and supernatural/magical abilities: Name Level Category Fail Memory W - pray for help -- divine ? -- Your skills at the end: Fighting Skills Weapon Skills dagger [Expert] dart [Basic] Spellcasting Skills Final Attributes: You were piously aligned. You were sleep resistant. You were poison resistant. You were telepathic. You had automatic searching. You were stealthy. You could walk on water. You were protected. You were very lucky. You had extra luck. Bad luck did not time out for you. Good luck did not time out for you. You are dead. Vanquished creatures: 3 vampires 2 ghosts 4 giant mimics a zruty a large mimic a baby purple worm a long worm 2 hill giants 2 giant zombies an elf-lord a small mimic 2 xans an ettin mummy an ogre lord 2 quantum mechanics a troll 2 freezing spheres a flaming sphere 2 shocking spheres a tiger a dwarf king 3 tengu a mountain centaur 2 human mummies a red naga 2 pythons an ettin zombie 3 Grey-elves a chameleon a crocodile a giant beetle 2 cockatrices a lynx a gremlin a leprechaun 3 orc-captains an iron piercer 17 giant spiders a horse a vampire bat 3 forest centaurs 4 gnome kings 3 orc mummies 4 ogres 2 brown puddings 2 yetis a werewolf 9 Green-elves 4 lizards 3 guides a dingo 3 jaguars a dwarf lord a blue jelly 3 white unicorns a black unicorn 2 dust vortices a raven 2 gnome mummies 3 snakes an ape 5 human zombies 7 Woodland-elves 3 fire ants 3 bugbears an imp 3 wood nymphs 3 water nymphs 12 Mordor orcs 6 Uruk-hai 3 orc shamans 4 rock piercers 3 rock moles 2 ponies 3 fog clouds 4 shriekers 2 violet fungi 16 gnome lords 7 gnomish wizards 3 kobold mummies a red naga hatchling 3 gray oozes 2 barrow wights 11 elf zombies 5 straw golems 4 paper golems a baby crocodile 9 giant ants a little dog 8 floating eyes 4 kittens 21 dwarves 3 homunculi 2 kobold lords 3 kobold shamans 8 hill orcs 8 rothes a rabid rat 3 giant bats 4 monkeys 3 orc zombies 2 dwarf zombies 3 werejackals 14 iguanas 5 acid blobs a coyote 5 gas spores 5 hobbits 2 large kobolds 13 hobgoblins 12 giant rats 6 cave spiders 4 brown molds 5 yellow molds 3 red molds 60 gnomes 4 garter snakes a gnome zombie 9 geckos 11 jackals 8 foxes 4 kobolds 11 goblins 9 sewer rats 13 grid bugs 2 bats 9 lichens 8 kobold zombies 18 newts 573 creatures vanquished. Voluntary challenges: You had been an atheist until turn 10991. You used a wielded weapon 701 times, starting on turn 1806. You read items or engraved 27 times, starting on turn 720. You never genocided any monsters. You never polymorphed an object. You never changed form. You used no wishes. You never split a pudding. You wrote Elbereth's name 13 times, starting on turn 755. You violated your moral code, losing 23 points of alignment, starting on turn 2334. Dungeon overview: The Dungeons of Doom: levels 1 to 17 Level 1 a fountain a long staircase Level 2 many fountains stairs to The Gnomish Mines Level 3 a general store, some fountains Level 4 a fountain Level 5 many fountains Level 6 stairs to Sokoban Level 7 a bookstore, a fountain, a sink Level 8 Level 9 Level 10 (gols) a fountain Level 11 <- You were here a fountain, a throne portal to The Quest Level 12 Level 13 a fountain Level 14 a fountain Level 15 a fountain Level 16 (gold) a sink Level 17 (mindflayer) some fountains The Gnomish Mines: levels 3 to 10 Level 3 stairs to The Dungeons of Doom Level 4 Level 5 many shops, a temple to The Lady, some fountains Level 6 Level 7 Level 8 Level 9 Level 10 some fountains The Quest: Level 1 portal to The Dungeons of Doom Sokoban: levels 2 to 5 Level 2 Level 3 Level 4 Level 5 stairs to The Dungeons of Doom History has recorded: On T:1 you entered the Dungeons of Doom to retrieve the Amulet of Yendor! On T:456 you reached level 2 of The Dungeons of Doom. On T:861 you reached level 3 of The Dungeons of Doom. On T:970 you advanced to experience level 2. On T:1527 you reached level 4 of The Dungeons of Doom. On T:1631 you advanced to experience level 3. On T:1971 you reached level 5 of The Dungeons of Doom. On T:2190 you advanced to experience level 4. On T:2512 you reached level 6 of The Dungeons of Doom. On T:2944 you reached level 4 of Sokoban. On T:3476 you reached level 3 of Sokoban. On T:4445 you advanced to experience level 5. On T:4705 you reached level 2 of Sokoban. On T:5648 you reached level 1 of Sokoban. On T:5915 you advanced to experience level 6. On T:7646 you advanced to experience level 7. On T:8322 you reached level 7 of The Dungeons of Doom. On T:10054 you reached level 1 of The Gnomish Mines. On T:10437 you reached level 2 of The Gnomish Mines. On T:10500 you advanced to experience level 8. On T:10832 you reached level 3 of The Gnomish Mines. On T:11523 you reached level 4 of The Gnomish Mines. On T:11998 you reached level 5 of The Gnomish Mines. On T:12784 you reached level 6 of The Gnomish Mines. On T:13001 you reached level 7 of The Gnomish Mines. On T:13005 you reached level 8 of The Gnomish Mines. On T:13082 you advanced to experience level 9. On T:17195 you reached level 8 of The Dungeons of Doom. On T:17246 you reached level 9 of The Dungeons of Doom. On T:17618 you advanced to experience level 10. On T:17673 you reached level 10 of The Dungeons of Doom. On T:17926 you reached level 11 of The Dungeons of Doom. On T:18297 you reached level 12 of The Dungeons of Doom. On T:18634 you reached level 13 of The Dungeons of Doom. On T:18928 you reached level 14 of The Dungeons of Doom. On T:19022 you reached level 15 of The Dungeons of Doom. On T:19356 you advanced to experience level 10. On T:19685 you reached level 16 of The Dungeons of Doom. On T:20101 you reached level 17 of The Dungeons of Doom. On T:24611 you reached level 1 of The Quest. Score breakdown: Gold: 0 ( 0 points) Experience: 10 levels (16712 points) Exploration: 17 levels ( 34.69%) (17320 points) Discoveries: 53 items ( 17.79%) (12651 points) Valuables value: (no points given unless you survive) Artifact value: 0 ( 0 points) Variety of kills: 129 monsters ( 33.86%) (17456 points) Turncount: 24925 turns (-3727 points) Survival: died (score multiplied by 80%) Total score: 48329 Latest messages: You feel dizzy for a moment, but the sensation passes. The forest centaur hits! The forest centaur misses. The forest centaur hits! The forest centaur misses. The forest centaur hits! The forest centaur kicks! You displace your forest centaur. The forest centaur hits! The forest centaur misses. You write in the dust with your fingers. The forest centaur turns to flee! The frost giant hits! (3x) You die... Final status: Aloha Zazza the Tourist, killed by a frost giant... You died in The Dungeons of Doom on dungeon level 11 with 48329 points, and 0 pieces of gold, after 24925 moves. You were level 10 with a maximum of 74 hit points when you died.